 Dungeon Crawl Stone Soup version 0.31-a0-557-g6e16503903 (webtiles) character file.

Game seed: 7951737382946029622

150304 Arcadio the Warrior (level 18, -11/155 (158) HPs)
             Began as a Formicid Fighter on Aug 16, 2023.
             Was a Priest of Nemelex Xobeh.
             Mangled by a demonic crawler (12 damage)
             ... on level 4 of the Spider Nest.
             The game lasted 01:37:17 (24842 turns).

Arcadio the Warrior (Formicid Fighter)             Turns: 24842, Time: 01:37:19

HP:   -11/155 (158) AC: 35    Str: 29    XL:     18   Next: 15%
MP:   28/28         EV:  8    Int: 12    God:    Nemelex Xobeh [***...]
Gold: 3133          SH:  0    Dex: 22    Spells: 17/17 levels left

rFire   . . .        l - +4 broad axe (elec)
rCold   + . .        r - +2 kite shield
rNeg    . . .        k - +11 chain mail of Trumpets {rElec Dex+3 Stlth+}
rPois   +            (helmet unavailable)
rElec   +            S - +1 cloak {Will+}
rCorr   .            I - +1 pair of gloves of Indomitability {Dex+3}
SInv    +            H - +2 pair of boots {Fly}
Will    ++...        M - amulet "Qaboetz" {Regen+ Int+4 Dex+3} Stlth
                     u - ring of protection from cold
HPRegen 1.25/turn    Q - ring of poison resistance
MPRegen 0.21/turn

%: no passive effects
@: confused, ambrosia-drunk, flying, studying Unarmed Combat, lightly drained
A: permanent stasis, dig shafts and tunnels, antennae 3, four strong arms
a: Dig, Shaft Self, Renounce Religion, Draw Escape, Draw Destruction, Draw
Summoning, Triple Draw


You were on level 4 of the Spider Nest.
You worshipped Nemelex Xobeh.
Nemelex Xobeh was most pleased with you.
You visited 4 branches of the dungeon, and saw 26 of its levels.
You also visited: Bailey.

You collected 4732 gold pieces.
You spent 1599 gold pieces at shops.

Inventory:

Hand Weapons
 a - a +2 morningstar of draining
 l - a +4 broad axe of electrocution (weapon)
Armour
 k - the +11 chain mail of Trumpets (worn) {rElec Dex+3 Stlth+}
   (You found it on level 2 of the Dungeon)

   Dex+3:     It affects your dexterity (+3).
   rElec:     It insulates you from electricity.
   Stlth+:    It makes you more stealthy.
 r - a +2 kite shield (worn)
 H - a +2 pair of boots of flying (worn)
 I - the +1 pair of gloves of Indomitability (worn) {Dex+3}
   (You acquired it on level 7 of the Dungeon)

   Dex+3:     It affects your dexterity (+3).
 S - a +1 cloak of willpower (worn)
 V - a +2 plate armour of fire resistance
Jewellery
 u - a ring of protection from cold (left hand)
 B - the amulet "Rass" {Spirit *Corrode rF++ Dex+5}
   (You bought it in a shop on level 2 of the Orcish Mines)

   [amulet of guardian spirit]

   Spirit:    It causes incoming damage to be divided between your reserves of
   health and magic.
   Dex+5:     It affects your dexterity (+5).
   rF++:      It greatly protects you from fire.
   *Corrode:  It may corrode you when you take damage.
 L - a ring of willpower
 M - the amulet "Qaboetz" (around neck) {Regen+ Int+4 Dex+3}
   (You acquired it on level 7 of the Dungeon)

   [amulet of regeneration]

   Int+4:     It affects your intelligence (+4).
   Dex+3:     It affects your dexterity (+3).
   Regen+:    It increases your rate of health regeneration.
 N - a ring of protection from fire
 Q - a ring of poison resistance (right hand)
 T - a ring of ice
Wands
 e - a wand of charming (24)
 h - a wand of polymorph (10)
 m - a wand of mindburst (32)
 x - a wand of iceblast (15) (quivered)
 O - a wand of flame (60)
 P - a wand of digging (8)
Scrolls
 f - 4 scrolls of brand weapon
 g - 6 scrolls of revelation
 o - a scroll of butterflies {unknown}
 p - 6 scrolls of vulnerability
 t - a scroll of fear
 y - a scroll of poison {unknown}
 z - 2 scrolls of amnesia
 A - 3 scrolls of fog
 D - 4 scrolls of immolation
 U - a scroll of blinking {unknown}
Potions
 b - 4 potions of cancellation
 d - a potion of might
 i - 4 potions of attraction
 j - 4 potions of mutation {unknown}
 n - 5 potions of curing
 q - 6 potions of brilliance
 v - 2 potions of enlightenment
 w - 3 potions of magic
 F - 6 potions of haste {unknown}
 G - 2 potions of berserk rage {unknown}
 J - 5 potions of ambrosia
 K - 6 potions of lignification {unknown}
 R - a potion of invisibility {unknown}


   Skills:
 + Level 18.3 Fighting
 + Level 16.7 Axes
 + Level 18.2 Armour
 + Level 5.6 Shields
 - Level 14.6 Invocations
 - Level 2.0 Evocations


You had 17 spell levels left.
You didn't know any spells.
Your spell library contained the following spells:

 Spells                   Type           Power      Damage    Failure   Level
 Freeze                   Ice            0%         1d3       83%         1
 Necrotise                Necr           0%         1d4       83%         1
 Slow                     Hex            0%         N/A       83%         1
 Summon Small Mammal      Summ           0%         N/A       83%         1
 Ensorcelled Hibernation  Hex/Ice        0%         N/A       93%         2
 Call Canine Familiar     Summ           0%         N/A       99%         3
 Confusing Touch          Hex            0%         N/A       99%         3
 Frozen Ramparts          Ice            0%         1d1       99%         3
 Hailstorm                Conj/Ice       0%         3d3       99%         3
 Inner Flame              Hex/Fire       0%         N/A       99%         3
 Ozocubu's Armour         Ice            0%         N/A       99%         3
 Portal Projectile        Hex/Tloc       0%         N/A       99%         3
 Summon Guardian Golem    Hex/Summ       0%         N/A       99%         3
 Vampiric Draining        Necr           0%         2d6       99%         3
 Anguish                  Hex/Necr       0%         N/A       100%        4
 Animate Dead             Necr           0%         N/A       100%        4
 Leda's Liquefaction      Hex/Erth       0%         N/A       100%        4
 Manifold Assault         Tloc           0%         N/A       100%        4
 Olgreb's Toxic Radiance  Pois           0%         N/A       100%        4
 Summon Ice Beast         Ice/Summ       0%         N/A       100%        4
 Agony                    Necr           0%         N/A       100%        5
 Arcjolt                  Conj/Air       0%         1d10      100%        5
 Yara's Violent Unravell  Hex/Tmut       0%         3d3       100%        5
 Conjure Ball Lightning   Conj/Air       0%         3x3d6     100%        6
 Dispersal                Tloc           0%         N/A       100%        6
 Plasma Beam              Fire/Air       0%         2x1d10    100%        6
 Simulacrum               Ice/Necr       0%         N/A       100%        6
 Starburst                Conj/Fire      0%         6d3       100%        6
 Enfeeble                 Hex            0%         N/A       100%        7
 Ozocubu's Refrigeration  Ice            0%         4d7       100%        7
 Discord                  Hex            0%         N/A       100%        8
 Disjunction              Tloc           0%         N/A       100%        8
 Ignition                 Fire           0%         3d3       100%        8
 Vhi's Electric Charge    Tloc/Air       Unusable   N/A       N/A         3

Dungeon Overview and Level Annotations

Branches:
Dungeon (15/15) Zot: 25708  Temple (0/1) D:4            Lair (5/5) D:10 Zot: 24196
 Shoals (0/4) Lair:3       Spider (3/4) Lair:3 Zot: 20700   Slime (0/5) Lair:4
    Orc (2/2) D:10 Zot: 10188     Elf (0/3) Orc:2        Vaults (0/5) D:14
 Depths (0/4) D:15         Bailey (visited)

Altars:
Cheibriados
Dithmenos
Fedhas
Gozag
Hepliaklqana
Kikubaaqudgha
Makhleb
Nemelex Xobeh
Qazlal
Trog
Wu Jian
Zin
Jiyva

Shops:
D:1 :   D:2 [   D:5 :   D:9 (   D:12 *   D:15 (   Orc:2 ([*=

Portals:
Hell: Lair:5

Annotations:
D:3 1 runed translucent door, TobyConnect's ghost, amateur DsSh
D:7 3 runed translucent doors, gabibbone's ghost, novice TrWr
Spider:3 Mara


Innate Abilities, Weirdness & Mutations

You cannot be hasted, slowed, berserked, paralysed or teleported.
You can dig through walls and to a lower floor.
You have a pair of large antennae on your head. (SInv)
Your four strong arms can wield two-handed weapons with a shield.


Message History

The demonic crawler hits you.
You block the demonic crawler's attack. x2
You block the broodmother's attack. The redback bites you!
* * * LOW HITPOINT WARNING * * *
The demonic crawler completely misses you.
The demonic crawler closely misses you. The demonic crawler hits you.
* * * LOW HITPOINT WARNING * * *
The tarantella completely misses you.
Okay, then.
As you read the scroll of fear, it crumbles to dust.
You assume a fearsome visage.
The boulder beetle looks frightened!
The demonic crawler easily resists. x2; The redback looks frightened!
The tarantella looks frightened!
The demonic crawler easily resists.
The broodmother resists with almost no effort.
The culicivora looks frightened!
The culicivora's soul is no longer bound.
The demonic crawler hits you but does no damage. x2
The demonic crawler barely misses you.
The demonic crawler hits you but does no damage. x3
You block the broodmother's attack.
The boulder beetle leaps!
The demonic crawler hits you but does no damage.
You block the demonic crawler's attack. The demonic crawler closely misses you.
Okay, then.
Okay, then.
You are confused.
You feel invigorated.
The demonic crawler hits you but does no damage. x3
The demonic crawler closely misses you. The demonic crawler hits you.
* * * LOW HITPOINT WARNING * * *
The demonic crawler hits you but does no damage.
The broodmother bites you!
* * * LOW HITPOINT WARNING * * *
A spider bursts forth from the wound!
The demonic crawler hits you!
* * * LOW HITPOINT WARNING * * *
The demonic crawler hits you.
* * * LOW HITPOINT WARNING * * *
The demonic crawler hits you!
* * * LOW HITPOINT WARNING * * *
The boulder beetle leaps!
The demonic crawler hits you!
You die...
Your body glows slightly and disappears.

.^...########
............##
.............##
..............#.
..........s....#
#######.........
#B#.#?#.........
,#^##ss†......
#.#.#@..s.s.B.
#^#.##ss○......
#^#.#.#s......#.
!#.#.#...#....#
######......°.#
...............
##..............
..............


You could see a broodmother, a boulder beetle (fleeing), 3 demonic crawlers, a
wolf spider (summoned), a culicivora (fleeing), a tarantella (summoned, fleeing)
and a redback (fleeing).

Vanquished Creatures
  4 emperor scorpions
  3 ghost moths
  The ghost of Layddamu the Basher, a journeyman HuFi of Okawaru (D:15)
  A broodmother (Spider:3)
  A formless jellyfish (D:10)
  A dire elephant (D:15)
  Nessos (D:13)
  A minotaur (D:15)
  Snorg (D:13)
  The ghost of Arhieg the Fighter, a journeyman DsBe of Trog (Orc:1)
  2 spark wasps
  An entropy weaver (Spider:3)
  Josephine (D:11)
  A great orb of eyes (D:15)
  A rakshasa (D:14)
  2 jorogumos
  4 radroaches
  5 two-headed ogres
  2 hydras
  An anaconda (shapeshifter) (D:12)
  A death knight (D:14)
  2 catoblepae
  7 centaur warriors
  3 boulder beetles
  2 death yaks (D:10)
  5 demonic crawlers
  2 tengu warriors
  2 orc high priests
  The ghost of Arcadio the Fighter, a novice FoFi of Xom (D:12)
  3 skysharks
  Sonja (D:10)
  A sixfirhy (Lair:5)
  5 pharaoh ants
  A deep troll (D:14)
  5 orb spiders
  4 steelbarb worms
  8 orc knights
  A wizard (Lair:5)
  4 deep elf pyromancers
  16 wolf spiders
  A salamander (D:15)
  11 ugly things
  A moth of wrath (D:10)
  4 cyclopes
  2 manticores
  3 orc sorcerers (Orc:2)
  5 black mambas
  A centaur zombie (D:12)
  3 spectral centaurs (D:12)
  14 elephants
  A merfolk siren (Lair:3)
  3 gargoyles
  Maggie (D:10)
  8 cane toads
  3 efreet
  A torpor snail (Spider:1)
  An unseen horror (D:10)
  An unseen horror (shapeshifter) (D:14)
  A kobold demonologist (D:13)
  10 rime drakes
  3 tengu conjurers
  13 komodo dragons
  A freezing wraith (D:14)
  A queen bee (D:11)
  8 trolls
  34 blink frogs
  10 tarantellas
  6 polar bears
  A hornet (shapeshifter) (D:14)
  A wolf spider simulacrum (D:12)
  2 hornets
  2 centaur simulacra (D:12)
  22 jumping spiders
  14 slime creatures
  16 culicivoras
  6 wraiths
  42 yaks
  A spriggan (shapeshifter) (D:14)
  A vampire (D:14)
  A water elemental (D:11)
  4 wyverns
  5 basilisks
  A hog (D:11)
  A golden eye (shapeshifter) (D:14)
  2 steam dragons
  8 vampire mosquitoes
  39 redbacks
  5 wargs
  2 acid dragons
  15 water moccasins
  A hell hound (Lair:5)
  34 orc warriors
  A spectral hornet (D:12)
  3 black bears
  2 ice beasts
  A sky beast (D:5)
  A sky beast (shapeshifter) (D:13)
  5 ogres
  A boggart (D:15)
  9 wolves
  16 centaurs
  2 kobold brigands
  A phantom (D:5)
  14 bullfrogs
  5 scorpions
  A gnoll sergeant (D:12)
  17 killer bees (D:11)
  4 howler monkeys
  2 vampire bats (D:15)
  3 electric eels (Lair:1)
  6 jellies
  15 orc priests
  Crazy Yiuf (D:6)
  2 hounds
  An iron imp (D:9)
  6 iguanas
  27 orc wizards
  A hell rat (D:10)
  13 gnolls
  7 adders
  2 river rats (D:10)
  2 shadow imps (D:5)
  2 white imps
  4 worms
  3 dart slugs
  81 orcs
  8 ball pythons
  2 bat skeletons (D:15)
  3 bat zombies (D:15)
  6 endoplasms
  5 giant cockroaches
  11 goblins
  14 hobgoblins
  A jackal (D:1)
  4 quokkas
  3 bats
  3 frilled lizards (D:2)
  19 kobolds
  10 rats
836 creatures vanquished.

Vanquished Creatures (collateral kills)
  Saint Roka (Orc:2)
  Asterion (Spider:3)
  Aizul (Spider:3)
  An orc warlord (Orc:2)
  A catoblepas (Lair:4)
  Fannar (D:10)
  A hydra (Lair:2)
  A two-headed ogre (D:10)
  A wolf spider (Spider:3)
  An orc knight (Orc:2)
  A moth of wrath (Spider:3)
  A smoke demon (Lair:5)
  An orange demon (Lair:5)
  4 ice devils (Lair:5)
  2 trolls (Orc:2)
  A red devil (Lair:5)
  A basilisk (Spider:3)
  3 redbacks
  2 wargs (Orc:2)
  3 hell hounds (Lair:5)
  9 orc warriors (Orc:2)
  A black bear (Lair:2)
  2 jellies (Lair:4)
  6 orc priests (Orc:2)
  An orc wizard (Orc:2)
  7 orcs (Orc:2)
  An endoplasm (Lair:4)
  A quokka (D:10)
  A rat (D:10)
58 creatures vanquished.

Grand Total: 894 creatures vanquished

Notes
Turn   | Place    | Note
-------+----------+-------------------------------------------
     0 | D:1      | Arcadio the Formicid Fighter began the quest for the Orb.
     0 | D:1      | Reached XP level 1. HP: 18/18 MP: 1/1
   109 | D:1      | Reached XP level 2. HP: 24/24 MP: 2/2
   323 | D:1      | Found Ceut's Book Shoppe.
   399 | D:1      | Reached XP level 3. HP: 30/30 MP: 3/3
   586 | D:2      | Identified the +11 chain mail of Trumpets {rElec Dex+3
                  | Stlth+}
   694 | D:2      | Reached XP level 4. HP: 31/37 MP: 4/4
  1265 | D:2      | Found Ymihor's Armour Boutique.
  1265 | D:2      | Noticed an animated storm dragon scales
  1265 | D:2      | Noticed an animated pearl dragon scales
  1622 | D:3      | Found a runed translucent door.
  1637 | D:3      | Reached XP level 5. HP: 34/43 MP: 5/5
  1733 | D:3      | Found a sparkling altar of Nemelex Xobeh.
  1743 | D:3      | Became a worshipper of Nemelex Xobeh the Trickster
  2000 | D:3      | Noticed TobyConnect's ghost (amateur DsSh)
  2192 | D:4      | Noticed a centaur
  2241 | D:4      | Killed a centaur
  2242 | D:4      | Reached skill level 5 in Fighting
  2242 | D:4      | Reached skill level 5 in Armour
  2242 | D:4      | Reached XP level 6. HP: 49/51 MP: 6/6
  2354 | D:4      | Reached * piety under Nemelex Xobeh
  2354 | D:4      | Found a staircase to the Ecumenical Temple.
  2354 | D:4      | Noticed an ogre
  2361 | D:4      | Killed an ogre
  2458 | D:4      | Found a hazy altar of Hepliaklqana.
  2669 | D:4      | Reached XP level 7. HP: 55/56 MP: 7/7
  2677 | D:4      | Received a gift from Nemelex Xobeh
  2830 | D:4      | Found a blossoming altar of Fedhas.
  3017 | D:2      | Bought a +1 pair of boots of flying for 214 gold pieces
  3070 | D:5      | Entered Level 5 of the Dungeon
  3196 | D:5      | Reached skill level 5 in Axes
  3196 | D:5      | Reached XP level 8. HP: 43/64 MP: 8/8
  3304 | D:5      | Found Fimpun's Tiny Tomes.
  3580 | D:5      | Reached ** piety under Nemelex Xobeh
  4216 | D:6      | Found a runed translucent door.
  4217 | D:6      | Noticed Crazy Yiuf
  4226 | D:6      | Killed Crazy Yiuf
  4381 | D:6      | Reached XP level 9. HP: 46/72 MP: 9/9
  4804 | D:7      | Found a flagged portal.
  4816 | Bailey   | Entered a bailey
  4829 | Bailey   | Received a gift from Nemelex Xobeh
  5242 | D:7      | Noticed gabibbone's ghost (novice TrWr)
  5243 | D:7      | Found a runed translucent gate.
  5307 | D:7      | Found a runed translucent gate.
  5307 | D:7      | Identified the +0 plate armour of Decompression {Harm rPois
                  | Str-3 Stlth+}
  5308 | D:7      | Identified 4 scrolls of acquirement
  5311 | D:7      | Acquired the amulet "Qaboetz" {Regen+ Int+4 Dex+3}
  5326 | D:7      | Acquired the +1 pair of gloves of Indomitability {Dex+3}
  5335 | D:7      | Acquired 1071 gold pieces
  5339 | D:7      | Acquired a +0 broad axe of electrocution
  5356 | D:7      | Found a runed translucent gate.
  5624 | D:8      | Reached *** piety under Nemelex Xobeh
  5643 | D:8      | Found a stormy altar of Qazlal.
  5645 | D:8      | Received a gift from Nemelex Xobeh
  5652 | D:8      | Found a shadowy altar of Dithmenos.
  5703 | D:8      | Reached XP level 10. HP: 82/83 MP: 10/10
  6296 | D:9      | Found Xerirumm's Antique Weapon Shoppe.
  6299 | D:9      | Noticed a centaur warrior
  6319 | D:9      | Killed a centaur warrior
  6320 | D:9      | Reached skill level 10 in Fighting
  6323 | D:9      | Reached skill level 10 in Armour
  6526 | D:9      | Found a snail-covered altar of Cheibriados.
  6610 | D:9      | Noticed a two-headed ogre
  6616 | D:9      | Reached XP level 11. HP: 88/92 MP: 11/11
  6624 | D:9      | Killed a two-headed ogre
  6725 | D:9      | Reached **** piety under Nemelex Xobeh
  6854 | D:9      | Found a glowing silver altar of Zin.
  7235 | D:10     | Entered Level 10 of the Dungeon
  7259 | D:10     | Received a gift from Nemelex Xobeh
  7259 | D:10     | Noticed a two-headed ogre
  7262 | D:10     | Killed a two-headed ogre
  7284 | D:10     | Found a staircase to the Lair.
  7284 | D:10     | Noticed a death yak
  7284 | D:10     | Noticed a death yak
  7290 | D:10     | Noticed a death yak
  7291 | D:10     | Identified the -1 hand axe of Shame {speed, Drain Fragile
                  | Fly Will+++ Stlth+}
  7295 | D:10     | Killed a death yak
  7296 | D:10     | Reached skill level 10 in Axes
  7296 | D:10     | a death yak changed into a formless jellyfish
  7296 | D:10     | Noticed a formless jellyfish
  7299 | D:10     | Killed a death yak
  7308 | D:10     | Killed a formless jellyfish
  7323 | D:10     | Noticed Maggie
  7328 | D:10     | Killed Maggie
  7379 | D:10     | Found a staircase to the Orcish Mines.
  7390 | Orc:1    | Entered Level 1 of the Orcish Mines
  7390 | Orc:1    | Noticed an orc knight
  7525 | D:10     | Identified the +4 scale mail of Forking Paths {rF+ Dex+4}
  7635 | D:10     | Noticed a moth of wrath
  7637 | D:10     | Found a bloodstained altar of Trog.
  7688 | D:10     | Reached XP level 12. HP: 96/102 MP: 12/12
  7721 | D:10     | Noticed Sonja
  7735 | D:10     | Killed Sonja
  7858 | D:10     | Received a gift from Nemelex Xobeh
  8039 | D:10     | Noticed Fannar
  8046 | D:10     | Killed Fannar
  8071 | D:10     | Noticed a two-headed ogre
  8076 | D:10     | Killed a two-headed ogre
  8281 | Lair:1   | Entered Level 1 of the Lair of Beasts
  8441 | Lair:1   | Reached skill level 1 in Invocations
  8499 | Lair:1   | Reached ***** piety under Nemelex Xobeh
  8551 | Lair:1   | Received a gift from Nemelex Xobeh
  9068 | Lair:1   | Reached skill level 5 in Shields
  9498 | Lair:2   | Received a gift from Nemelex Xobeh
  9591 | Lair:2   | Reached XP level 13. HP: 111/111 MP: 15/15
  9794 | Lair:2   | Noticed a seven-headed hydra
  9801 | Lair:2   | Killed a seven-headed hydra
  9803 | Lair:2   | Reached skill level 5 in Invocations
  9967 | Lair:2   | Noticed an eight-headed hydra
  9972 | Lair:2   | Killed an eight-headed hydra
 10150 | Lair:2   | Received a gift from Nemelex Xobeh
 10560 | Lair:3   | Received a gift from Nemelex Xobeh
 10604 | Lair:3   | Identified the +3 chain mail of Gozag's Castigation {Drain
                  | Str+2 Int+3 Slay+2}
 10621 | Lair:3   | Found a hole to the Spider Nest.
 10737 | Lair:3   | Found a staircase to the Shoals.
 10798 | Lair:3   | Found a burning altar of Makhleb.
 11411 | Lair:4   | Reached ****** piety under Nemelex Xobeh
 11563 | Lair:4   | Received a gift from Nemelex Xobeh
 11790 | Lair:4   | Received a gift from Nemelex Xobeh
 11815 | Lair:4   | Found a viscous altar of Jiyva.
 11816 | Lair:4   | Found a staircase to the Slime Pits.
 11909 | Lair:4   | Noticed a catoblepas
 11919 | Lair:4   | Killed a catoblepas
 11920 | Lair:4   | Reached XP level 14. HP: 116/121 MP: 13/19
 12393 | Lair:5   | Entered Level 5 of the Lair of Beasts
 12482 | Lair:5   | Received a gift from Nemelex Xobeh
 13039 | Lair:5   | Reached skill level 15 in Fighting
 13153 | Lair:5   | Reached skill level 15 in Armour
 13360 | Lair:5   | Received a gift from Nemelex Xobeh
 13488 | Lair:5   | Found a burning altar of Makhleb.
 13494 | Lair:5   | Identified the +1 long sword "Mennyity" {freeze, Int+3}
 13513 | Lair:5   | Reached XP level 15. HP: 129/129 MP: 16/22
 13518 | Lair:5   | Found a gateway to Hell.
 13851 | D:10     | Reached skill level 10 in Invocations
 14101 | Orc:1    | Found a runed translucent gate.
 14101 | Orc:1    | Found a runed translucent gate.
 14102 | Orc:1    | Found a runed translucent gate.
 14102 | Orc:1    | Noticed Arhieg's ghost (journeyman DsBe)
 14408 | Orc:1    | Killed Arhieg's ghost
 14456 | Orc:2    | Entered Level 2 of the Orcish Mines
 14486 | Orc:2    | Found a staircase to the Elven Halls.
 14760 | Orc:2    | Noticed Saint Roka
 14826 | Orc:1    | Received a gift from Nemelex Xobeh
 15152 | Orc:2    | Noticed an orc warlord
 15234 | Orc:2    | Killed Saint Roka
 15242 | Orc:2    | Found Teorch's Antique Weapon Shop.
 15246 | Orc:2    | Killed an orc warlord
 15257 | Orc:2    | Found Xuchin's Jewellery Shop.
 15264 | Orc:2    | Found Levaeh's General Store.
 15317 | Orc:2    | Found Voazocau's Antique Armour Shop.
 15479 | Orc:2    | Bought a potion of cancellation for 104 gold pieces
 15479 | Orc:2    | Bought a potion of curing for 39 gold pieces
 15479 | Orc:2    | Bought 2 potions of curing for 78 gold pieces
 15479 | Orc:2    | Bought a scroll of noise for 13 gold pieces
 15687 | Orc:2    | Bought a runed cloak for 270 gold pieces
 15723 | Orc:2    | Bought the amulet "Rass" {Spirit *Corrode rF++ Dex+5} for
                  | 594 gold pieces
 15974 | D:11     | Noticed Erolcha
 15976 | D:11     | Erolcha changed into Erolcha the hog
 15976 | D:11     | Noticed Erolcha
 15980 | D:11     | Killed Erolcha the hog
 16355 | D:11     | Received a gift from Nemelex Xobeh
 16655 | D:11     | Noticed Josephine
 16681 | D:11     | Killed Josephine
 16714 | D:12     | Found Anwimet's Assorted Antiques.
 16807 | D:12     | Bought a scroll of revelation for 172 gold pieces
 16807 | D:12     | Bought a potion of heal wounds for 115 gold pieces
 16993 | D:12     | Found a runed translucent gate.
 16993 | D:12     | Found a runed translucent gate.
 16993 | D:12     | Found a runed translucent gate.
 17001 | D:12     | Noticed Arcadio's ghost (novice FoFi)
 17039 | D:12     | Killed Arcadio's ghost
 17051 | D:12     | Reached XP level 16. HP: 139/139 MP: 24/24
 18047 | D:13     | Received a gift from Nemelex Xobeh
 18060 | D:13     | Reached skill level 15 in Axes
 18089 | D:13     | Noticed Nessos
 18092 | D:13     | You are sucked into a shaft and drop 1 floor!
 18669 | D:13     | Noticed Snorg
 18685 | D:13     | Killed Snorg
 18904 | D:13     | Killed Nessos
 19146 | D:14     | Received a gift from Nemelex Xobeh
 19321 | D:14     | Received a gift from Nemelex Xobeh
 19460 | D:14     | Found an ornate altar of the Wu Jian Council.
 19833 | D:14     | Found a gate to the Vaults.
 19888 | D:15     | Entered Level 15 of the Dungeon
 19889 | D:15     | Found a runed translucent gate.
 19889 | D:15     | Found a runed translucent gate.
 19892 | D:15     | Found a runed translucent gate.
 19893 | D:15     | Noticed Layddamu's ghost (journeyman HuFi)
 19918 | D:15     | Killed Layddamu's ghost
 20082 | D:15     | Found Xokkumn's Antique Weapon Shop.
 20099 | D:15     | Received a gift from Nemelex Xobeh
 20595 | D:15     | Found an opulent altar of Gozag.
 20770 | D:15     | Found a staircase to the Depths.
 20907 | D:15     | Found an ancient bone altar of Kikubaaqudgha.
 21303 | Spider:1 | Entered Level 1 of the Spider Nest
 21303 | Spider:1 | Noticed an emperor scorpion
 21342 | Lair:3   | Killed an emperor scorpion
 21343 | Lair:3   | Reached XP level 17. HP: 124/147 MP: 18/27
 22385 | Spider:1 | Received a gift from Nemelex Xobeh
 22617 | Spider:2 | Got the Octavo of the Flamy Mausoleum
 22845 | Spider:2 | Received a gift from Nemelex Xobeh
 23163 | Spider:2 | Identified the +2 plate armour "Ices" {rC++ Int+3}
 24186 | Spider:3 | Noticed Aizul
 24204 | Spider:3 | Killed Aizul
 24254 | Spider:3 | Noticed Asterion
 24266 | Spider:3 | Noticed an Executioner
 24273 | Spider:3 | Killed Asterion
 24353 | Spider:3 | Reached skill level 1 in Evocations
 24479 | Spider:3 | Reached XP level 18. HP: 157/157 MP: 28/28
 24785 | Spider:3 | Noticed Mara
 24802 | Spider:3 | You are sucked into a shaft and drop 1 floor!
 24802 | Spider:4 | Entered Level 4 of the Spider Nest
 24838 | Spider:4 | HP: 5/155 [demonic crawler (5)]
 24842 | Spider:4 | HP: 1/155 [demonic crawler (9)]
 24842 | Spider:4 | Mangled by a demonic crawler

Illustrated notes

Levels and vault maps discovered:
D:1:      lemuel_arrival_muddy, layout_basic, serial_shops,
          nicolae_shop_rolling_square, minmay_tetromino_l2
D:2:      minmay_razor_zed, layout_loops_ring, serial_shops,
          nicolae_shop_mannequins, nrook_uturn, chequers_serial_rivers_micro_a,
          chequers_garden, minmay_misc_feat_tiny
D:3:      layout_rooms, mainiacjoe_overflow_24_doors, ebering_ghost_inner_flame,
          dreamdust_wishing_well, nicolae_twisty_statue_hallways
D:4:      layout_loops_ring, nicolae_overflow_squiral,
          minmay_temple_entry_junction_2, kennysheep_generic_room_5
D:5:      layout_basic, minivault_11, nicolae_shop_i_like_small_books_too
D:6:      layout_basic, uniq_crazy_yiuf_cottage
D:7:      layout_cave_pools, enter_bailey_3, biasface_ghost_orc_armoury
D:8:      layout_loops_ring, grunt_qazlal_sundering, overflow_temple_1_default
D:9:      layout_layer_cave, slow_altar_1, lemuel_tele_altar, serial_shops, shop
D:10:     layout_roguey, tgw_trog, dpeg_lair_monsters, david_orc_1_choice,
          hangedman_abyss_or_decor_clamps, uniq_sonja, uniq_fannar, uniq_maggie
D:11:     layout_basic, minivault_7, uniq_erolcha, uniq_josephine
D:12:     layout_long_grid, serial_shops, shop, gammafunk_ghost_necromancy,
          st_stairs_13
D:13:     layout_big_octagon, uniq_snorg, uniq_nessos
D:14:     layout_irregular_city, david_vaults_4, nicolae_wu_jian_wuxing_cycle
D:15:     hangedman_depths_entry_try_elsewhere_first, layout_rooms,
          grunt_gozag_breadcrumbs, serial_shops, nicolae_shop_statue_plus,
          maelrawn_ghost_gauntlet_escape, kennysheep_vampire_church
Lair:1:   layout_hall_layers, grunt_megastairs_3, serial_bayou_shore_a,
          lemuel_fruit_tree
Lair:2:   nzn_winding_woodlands_three_and_one
          [nzn_winding_woodlands_5x15_lazy_stream,
          nzn_winding_woodlands_5x15_sidewinder,
          nzn_winding_woodlands_5x15_pockets,
          nzn_winding_woodlands_center_triple_pond], layout_small_grid,
          serial_forest, infiniplex_forest_lined_room_,
          infiniplex_forest_clump_double, infiniplex_forest_straight_2,
          infiniplex_forest_end_3, infiniplex_forest_corner_1,
          infiniplex_forest_end_1, infiniplex_forest_clump_small,
          infiniplex_forest_clump_tiny, infiniplex_forest_end_3,
          infiniplex_staircase_pool_2
Lair:3:   layout_cave_pods, minmay_shoals_entry_lonely_mermaid,
          spider_nest_entry_web_field, basic_altar
Lair:4:   layout_cave_pods, nicolae_slime_entry_slimehenge, serial_bayou_pond_c,
          infiniplex_staircase_pool
Lair:5:   evil_forest, layout_long_grid, serial_bayou_crossing
Spider:1: nicolae_spider_hall_of_the_moth_king, spiders_nest_spider_trap
Spider:2: layout_chambers
Spider:3: layout_spider_delve, uniq_aizul, uniq_mara, uniq_asterion
Spider:4: floodkiller_spider_rune_tomb, einodemon_crawler_minivault
Orc:1:    layout_caves, portal_ice_cave_entry_animals_and_master,
          ebering_ghost_rock_garden
Orc:2:    grunt_orc_cross, layout_caves

Skill      XL: |  1  2  3  4  5  6  7  8  9 10 11 12 13 14 15 16 17 18 |
---------------+-------------------------------------------------------+-----
Fighting       | 4 5 6 7 9 10 12 13 14 15 16 17 18 | 18.3
Armour         | 4 5 6 7 8 10 11 13 14 15 16 17 18 | 18.2
Axes           | 3 4 5 6 7 9 10 11 12 13 14 15 16 | 16.7
Invocations    | 3 7 9 11 13 14 | 14.6
Shields        | 5 |  5.6
Evocations     | 1 2 |  2.0

Action                     |  1- 3 |  4- 6 |  7- 9 | 10-12 | 13-15 | 16-18 || total
---------------------------+-------+-------+-------+-------+-------+-------++-------
  Melee: War axe           |    66 |   140 |   286 |       |       |       ||   492
         Broad axe         |       |       |    11 |   351 |   771 |   884 ||  2017
         Morningstar       |       |       |       |       |    33 |       ||    33
 Invoke: Draw Destruction  |       |       |       |    12 |    17 |     4 ||    33
         Draw Summoning    |       |       |       |     3 |     3 |     2 ||     8
         Draw Escape       |       |       |       |     1 |     1 |     2 ||     4
         Triple Draw       |       |       |       |       |     8 |     3 ||    11
         Deal Four         |       |       |       |       |     4 |     4 ||     8
Ability: Dig               |       |       |       |     4 |     4 |     8 ||    16
         Shaft Self        |       |       |       |       |       |     2 ||     2
  Evoke: Wand              |       |       |       |       |       |    15 ||    15
    Use: Scroll            |       |       |    18 |     3 |     8 |     3 ||    32
         Potion            |       |       |       |     1 |     2 |    19 ||    22
   Stab: Distracted        |       |       |       |       |     2 |     2 ||     4
         Petrified         |       |       |       |       |       |    19 ||    19
         Petrifying        |       |       |       |       |       |     2 ||     2
         Held in net/web   |       |       |       |       |       |     1 ||     1
 Armour: Scale mail        |    22 |       |       |       |       |       ||    22
         Chain mail        |    15 |    93 |   195 |   252 |   600 |   910 ||  2065
  Dodge: Dodged            |    36 |    64 |   108 |   109 |   313 |   407 ||  1037
  Block: Buckler           |    18 |    38 |   135 |   112 |   305 |   301 ||   909
         Reflection        |       |       |     6 |       |       |       ||     6
         Kite shield       |       |       |       |       |       |    75 ||    75
   Form: Beast             |       |     1 |       |       |       |       ||     1
                           |       |       |     1 |       |       |       ||     1

Table legend: (Time is in decaauts)
 A = Elapsed time spent in this place.
 B = Non-inter-level travel time spent in this place.
 C = Inter-level travel time spent in this place.
 D = Time resting spent in this place.
 E = Time spent auto-exploring this place.
 F = Levels seen in this place.
 G = Mean time per level.
                   A        B        C        D        E       F      G
               +--------+--------+--------+--------+--------+-----+--------+
         Total |  24888 |  23652 |   1236 |   2554 |  14777 |  27 |  921.8 |
       Dungeon |  13597 |  12915 |    682 |   1518 |   8088 |  15 |  906.5 |
          Lair |   5804 |   5436 |    368 |    280 |   3794 |   5 | 1160.8 |
   Spider Nest |   3298 |   3198 |    100 |    333 |   1917 |   4 |  824.5 |
  Orcish Mines |   1811 |   1726 |     85 |    360 |    840 |   2 |  905.5 |
        Bailey |    377 |    377 |      0 |     63 |    138 |   1 |  377.0 |
               +--------+--------+--------+--------+--------+-----+--------+

Top non-repeatable levels by time:
    D:10: 1305 daAuts
  Lair:5: 1260 daAuts
    D:13: 1229 daAuts
    D:14: 1229 daAuts
  Lair:1: 1214 daAuts
  Lair:2: 1213 daAuts
Spider:2: 1171 daAuts
    D:12: 1111 daAuts
Spider:1: 1110 daAuts
     D:2: 1096 daAuts
  Lair:3: 1081 daAuts
  Lair:4: 1034 daAuts
Spider:3: 980 daAuts
    D:11: 961 daAuts
     D:9: 956 daAuts
